 Dungeon Crawl Stone Soup version 0.32-a0-42-ga30500b4d3 (webtiles) character file.

Game seed: 16791898388119342648

11332 anacleto the Mimic (level 11, -3/99 (105) HPs)
             Began as a Troll Shapeshifter on Jan 30, 2024.
             Was a Follower of Trog.
             Slain by Josephine
             ... wielding a +0 trident
              (12 damage)
             ... on level 10 of the Dungeon on Jan 31, 2024.
             The game lasted 00:32:00 (10877 turns).

anacleto the Mimic (Troll Shapeshifter)            Turns: 10877, Time: 00:32:00

HP:   -3/99 (105)   AC:  5    Str: 28    XL:     11   Next: 47%
MP:   12/12         EV: 11    Int:  6    God:    Trog [*.....]
Gold: 762           SH:  0    Dex:  9    Spells: 10/10 levels left

rFire   + .          .
                       - Unarmed
rCold   . . .        (no shield)
rNeg    . . .        p - +0 troll leather armour
rPois   .            q - melded +0 hat
rElec   .            h - melded +0 cloak
rCorr   +            (gloves unavailable)
SInv    .            (boots unavailable)
Will    .....        (no amulet)
Stlth   +            m - ring of protection from fire
HPRegen 1.96/turn    t - ring of resist corrosion
MPRegen 0.13/turn

%: no passive effects
@: beast-form, on berserk cooldown, slowed, drained, very slow
A: beast (slay +4), large, unfitting armour, claws 3, regeneration 1, shaggy fur
1, tough skin 1
a: Begin Untransformation, Renounce Religion, Berserk


You were on level 10 of the Dungeon.
You worshipped Trog.
Trog was aware of your devotion.
You were a hulking beast.
You visited 2 branches of the dungeon, and saw 11 of its levels.

You collected 984 gold pieces.
You spent 222 gold pieces at shops.

Inventory:

Missiles
 e - 16 large rocks (quivered)
 s - 29 poisoned darts
 u - 12 boomerangs
 x - 4 throwing nets
Armour
 h - a +0 cloak (melded)
 p - a +0 troll leather armour (worn)
 q - a +0 hat (melded)
Jewellery
 m - a ring of protection from fire (left claw)
 t - a ring of resist corrosion (right claw)
 z - a +6 ring of intelligence
 B - an amulet of magic regeneration
 D - a ring of protection from cold
 H - a +5 ring of evasion
Talismans
 c - a beast talisman (active)
 d - a flux talisman
Wands
 i - a wand of iceblast (10)
 y - a wand of charming (1)
 A - a wand of flame (24)
 C - a wand of polymorph (5)
Scrolls
 b - a scroll of brand weapon
 f - 2 scrolls of revelation
 g - a scroll of silence {unknown}
 j - a scroll of vulnerability
 k - 2 scrolls of teleportation
 n - 2 scrolls of immolation
 o - a scroll of noise {unknown}
 r - a scroll of fog {unknown}
 w - a scroll of butterflies {unknown}
 F - a scroll of enchant armour {unknown}
 G - a scroll of fear {unknown}
Potions
 a - 3 potions of curing
 l - a potion of haste
 v - a potion of invisibility
 E - 2 potions of attraction


   Skills:
 + Level 6.3 Fighting
 + Level 6.5 Throwing
 + Level 6.2 Dodging
 + Level 7.9 Unarmed Combat
 + Level 2.9 Invocations
 * Level 10.2 Shapeshifting


You had 10 spell levels left.
You didn't know any spells.
Your spell library contained the following spells:

 Spells                   Type           Power      Damage    Failure   Level
 Foxfire                  Conj/Fire      0%         2x1d4     50%         1
 Dazzling Flash           Conj/Hex       0%         N/A       86%         3
 Mephitic Cloud           Conj/Alch/Air  0%         N/A       86%         3
 Curse of Agony           Necr           0%         N/A       100%        5
 Silence                  Hex/Air        0%         N/A       100%        5
 Plasma Beam              Fire/Air       0%         2x1d10    100%        6
 Starburst                Conj/Fire      0%         6d3       100%        6
 Chain Lightning          Conj/Air       0%         N/A       100%        9
 Fire Storm               Conj/Fire      0%         5d1       100%        9
 Shatter                  Erth           0%         3d5*      100%        9


Dungeon Overview and Level Annotations

Branches:
Dungeon (10/15)            Temple (1/1) D:7            Lair (0/5) D:9
    Orc: D:9-12

Altars:
Ashenzari
Cheibriados
Dithmenos
Elyvilon
Fedhas
Gozag
Hepliaklqana
Kikubaaqudgha
Makhleb
Nemelex Xobeh
Okawaru
Qazlal
Ru
Sif Muna
Trog
Uskayaw
Vehumet
Wu Jian
Xom
Yredelemnul
Zin
The Shining One

Shops:
D:2 *   D:6 =   D:7 **

Annotations:
D:4 1 runed translucent door, Crazy Yiuf
D:5 2 runed translucent doors, RockinRobin's ghost, amateur DsFi
D:8 1 transporter, Azoth's ghost, novice TeCj
D:10 Josephine


Innate Abilities, Weirdness & Mutations

You are a hulking beast.
Your limbs bulge with bestial killing power. (Slay +4)
You are too large for most types of armour.
You have claws for hands.
Your natural rate of healing is unusually fast.
You are covered in fur. (AC +1)
You have tough skin. (AC +1)


Message History

You feel as though you will be slow longer.
You scratch the wraith.
The wraith is heavily damaged.
You mangle the wraith!!
You destroy the wraith!
Trog accepts your kill. Josephine misses you. The wraith hits you.
You scratch the wraith.
The wraith is lightly damaged.
Josephine closely misses you. The wraith hits you!
The wraith drains your vigour!
You feel as though you will be slow longer.
You claw the wraith!
The wraith is heavily damaged.
Josephine hits you from afar with a +0 trident.
The wraith closely misses you.
You claw the wraith!
The wraith is severely damaged.
Josephine hits you from afar with a +0 trident.
The wraith closely misses you.
You claw the wraith!
You destroy the wraith!
Trog accepts your kill.
Josephine hits you from afar with a +0 trident.
You are no longer berserk.
You are exhausted.
You feel as though you will be slow longer.
Josephine casts a spell at you.
The ghostly flame explodes!
The ghostly fireball engulfs you!!
You feel drained.
* * * LOW HITPOINT WARNING * * *
Josephine hits you with a +0 trident.
* * * LOW HITPOINT WARNING * * *
Unknown command.
You claw Josephine!
Josephine is lightly wounded.
Josephine hits you with a +0 trident!
* * * LOW HITPOINT WARNING * * *
Josephine hits you with a +0 trident!
You die...

### #. ..# #.. #..# #####
##..####..##### .....
............... .....
................ #####
..# #........# ..#
#........# ..# #...@h...#
..# #........#####
######..# #.....).......
........####.............
.......(.........!..#####
..####..............# ..#
..####........# ..# ..#
#..####..###### ..# #..#
#..# #)......#


You could see Josephine.

Vanquished Creatures
  5 death yaks (D:8)
  Lodul (D:10)
  Pikel (D:8)
  Maurice (D:7)
  A komodo dragon (D:10)
  3 trolls
  4 wraiths (D:10)
  8 yaks
  2 steam dragons (D:7)
  A water moccasin (D:6)
  2 sky beasts
  2 orc warriors
  2 ice beasts
  A black bear (D:6)
  8 ogres
  2 lemures (D:7)
  4 centaurs
  A phantom (D:5)
  A kobold brigand (D:7)
  2 bullfrogs
  A gnoll sergeant (D:9)
  A scorpion (D:5)
  8 wights
  10 killer bees
  An electric eel (D:6)
  2 bombardier beetles
  3 crimson imps (D:10)
  3 howler monkeys (D:9)
  4 hounds
  4 orc priests
  4 jellies
  Terence (D:1)
  2 iguanas (D:5)
  Natasha (thrice) (D:4)
  4 orc wizards
  Robin (D:4)
  5 adders
  5 gnolls (D:9)
  2 ufetubi (D:6)
  3 dart slugs
  A ribbon worm (D:5)
  24 orcs
  7 ball pythons
  7 endoplasms
  3 giant cockroaches
  11 goblins
  7 hobgoblins
  3 jackals (D:2)
  4 quokkas
  9 bats
  5 frilled lizards
  17 kobolds
  7 rats
224 creatures vanquished.

Vanquished Creatures (collateral kills)
  A kobold (D:9)
1 creature vanquished.

Vanquished Creatures (others)
  2 yaks (D:9)
  An orc warrior (D:9)
  2 ogres (D:10)
  A kobold brigand (D:9)
  An orc wizard (D:9)
  A goblin (D:4)
  A kobold (D:9)
9 creatures vanquished.

Grand Total: 234 creatures vanquished

Notes
Turn   | Place    | Note
-------+----------+-------------------------------------------
     0 | D:1      | anacleto the Troll Shapeshifter began the quest for the
                  | Orb.
     0 | D:1      | Reached XP level 1. HP: 18/18 MP: 0/0
    97 | D:1      | Reached skill level 1 in Fighting
   141 | D:1      | Reached XP level 2. HP: 27/27 MP: 1/1
   144 | D:1      | You fall into a shaft and drop 1 floor!
   615 | D:2      | Noticed Terence
   629 | D:1      | Killed Terence
   630 | D:1      | Reached XP level 3. HP: 30/33 MP: 2/2
   845 | D:2      | Found Zysaw's Assorted Antiques.
   859 | D:2      | Bought a scroll labelled ABEILA NELEUD for 19 gold pieces
   859 | D:2      | Bought a scroll labelled QESMUC GAVA for 19 gold pieces
   982 | D:2      | Reached XP level 4. HP: 41/41 MP: 3/3
  1658 | D:3      | Noticed an ogre
  1661 | D:3      | Killed an ogre
  1662 | D:3      | Reached skill level 1 in Throwing
  1662 | D:3      | Reached skill level 4 in Shapeshifting
  1662 | D:3      | Reached XP level 5. HP: 29/49 MP: 4/4
  2612 | D:4      | Noticed Natasha
  2617 | D:4      | Killed Natasha
  2618 | D:4      | Reached XP level 6. HP: 57/57 MP: 5/5
  2630 | D:4      | Noticed Natasha
  2635 | D:4      | Killed Natasha
  2757 | D:4      | Found a runed translucent door.
  2758 | D:4      | Noticed Crazy Yiuf
  2955 | D:4      | Noticed Natasha
  2966 | D:4      | Killed Natasha
  3035 | D:4      | Noticed Robin
  3044 | D:4      | Killed Robin
  3426 | D:5      | Entered Level 5 of the Dungeon
  3447 | D:5      | HP: 1/87 [iguana (10)]
  3464 | D:5      | Reached skill level 5 in Shapeshifting
  3464 | D:5      | Reached XP level 7. HP: 27/66 MP: 6/6
  3998 | D:5      | Found a runed translucent door.
  4002 | D:5      | Noticed RockinRobin's ghost (amateur DsFi)
  4259 | D:5      | Found a runed translucent door.
  4336 | D:6      | HP: 1/67 [electric eel/bolt of electricity (8)]
  4496 | D:6      | Found Meigis's Jewellery Shop.
  4547 | D:6      | Reached XP level 8. HP: 75/75 MP: 7/7
  4553 | D:6      | Found a shimmering blue altar of Sif Muna.
  4586 | D:6      | Found an ancient bone altar of Kikubaaqudgha.
  4634 | D:6      | Reached skill level 6 in Shapeshifting
  4779 | D:6      | Reached skill level 5 in Unarmed Combat
  5168 | D:7      | Noticed Maurice
  5189 | D:7      | Maurice stole a beast talisman
  5198 | D:7      | Maurice stole 8 large rocks
  5201 | D:7      | Killed Maurice
  5211 | D:7      | Found Zyan's Assorted Antiques.
  5218 | D:7      | Bought a potion of lignification for 69 gold pieces
  5294 | D:7      | Reached skill level 7 in Shapeshifting
  5294 | D:7      | Reached XP level 9. HP: 77/84 MP: 8/8
  5613 | D:7      | Found a staircase to the Ecumenical Temple.
  5632 | Temple   | Entered the Ecumenical Temple
  5688 | Temple   | Became a worshipper of Trog the Wrathful
  5723 | D:7      | Found Jaqusk's Fire Supplies.
  6246 | D:8      | Noticed Pikel
  6383 | D:8      | Killed Pikel
  7076 | D:8      | Noticed Azoth's ghost (novice TeCj)
  7098 | D:8      | Found a transporter.
  7242 | D:9      | Reached skill level 8 in Shapeshifting
  7396 | D:10     | Entered Level 10 of the Dungeon
  7396 | D:10     | Noticed Lodul
  7439 | D:9      | Reached skill level 5 in Dodging
  7443 | D:9      | Reached skill level 5 in Throwing
  7443 | D:9      | Noticed a troll
  7468 | D:9      | Killed a troll
  7469 | D:9      | Reached skill level 5 in Fighting
  7469 | D:9      | Reached XP level 10. HP: 35/96 MP: 9/9
  8245 | D:9      | Noticed a death yak
  8245 | D:9      | Noticed a death yak
  8245 | D:9      | Noticed a death yak
  8246 | D:9      | Noticed a death yak
  8246 | D:9      | Noticed a death yak
  8252 | D:9      | Found a staircase to the Lair.
  8380 | D:9      | Reached * piety under Trog
  8537 | D:8      | Killed a death yak
  8542 | D:8      | Reached skill level 9 in Shapeshifting
  8696 | D:7      | Bought a scroll of identify for 46 gold pieces
  8696 | D:7      | Bought a scroll of teleportation for 69 gold pieces
  9206 | D:8      | Killed a death yak
  9211 | D:8      | Reached skill level 1 in Invocations
  9217 | D:8      | Killed a death yak
  9279 | D:8      | Killed a death yak
  9280 | D:8      | Reached XP level 11. HP: 79/105 MP: 11/11
  9308 | D:8      | Killed a death yak
 10055 | D:10     | Killed Lodul
 10056 | D:10     | Reached skill level 10 in Shapeshifting
 10134 | D:10     | Noticed Josephine
 10575 | D:10     | Found a burning altar of Makhleb.
 10575 | D:10     | Found a white marble altar of Elyvilon.
 10714 | D:10     | Found a shimmering altar of Xom.
 10877 | D:10     | Slain by Josephine

Illustrated notes

Levels and vault maps discovered:
D:1:      amcnicky_arrival_gap_in_the_tavern_cellar, layout_rooms
D:2:      layout_loops_corners, serial_shops, shop, uniq_terence
D:3:      layout_basic, chequers_serial_rivers_room_a
D:4:      layout_loops_corners, serial_forest, infiniplex_forest_lined_corner,
          infiniplex_forest_clump_small, infiniplex_forest_lined_4_way,
          infiniplex_forest_lined_room_2, infiniplex_forest_corner_2,
          infiniplex_forest_clump_tiny, infiniplex_forest_end_1,
          dreamdust_mushroom_princess, grunt_tough_drop, uniq_natasha,
          uniq_robin, uniq_crazy_yiuf_cottage
D:5:      nicolae_cairo_tiling_very_big, layout_rooms, serial_bayou,
          serial_bayou_pond_e, serial_bayou_ford_a, serial_bayou_pond_d,
          serial_bayou_pond_c, ebering_ghost_sewer_f
D:6:      layout_basic, nicolae_overflow_squiral, serial_shops, shop
D:7:      layout_loops_corners, minmay_temple_entry_glass, serial_shops, shop,
          nrook_campfire, minmay_misc_feat_iff, nicolae_shop_fire_sale
          [nicolae_sub_dead_trees], uniq_maurice
D:8:      layout_basic, gammafunk_ghost_hive, uniq_pikel
D:9:      layout_basic, dpeg_lair_monsters, nicolae_the_louvre
D:10:     layout_small_grid, led_xom_imps, gammafunk_temple_overflow_elements,
          grunt_decor_fettered, uniq_josephine, uniq_lodul
Temple:   nicolae_temple_bog_church

Skill      XL: |  1  2  3  4  5  6  7  8  9 10 11 |
---------------+----------------------------------+-----
Fighting       | 1 2 3 4 5 6 |  6.3
Dodging        | 2 3 4 5 6 |  6.2
Throwing       | 1 2 4 5 6 |  6.5
Shapeshifting  | 4 5 7 8 9 10 | 10.2
Unarmed Combat | 4 5 6 7 |  7.9
Invocations    | 1 2 |  2.9

Action                     |  1- 3 |  4- 6 |  7- 9 | 10-12 || total
---------------------------+-------+-------+-------+-------++-------
  Melee: Unarmed           |    97 |   140 |   220 |   174 ||   631
         Punch             |     1 |       |     3 |    15 ||    19
  Throw: Large rock        |       |     5 |       |     4 ||     9
         Dart              |       |     2 |     3 |    25 ||    30
         Boomerang         |       |       |    36 |       ||    36
         Throwing net      |       |       |       |     1 ||     1
 Invoke: Berserk           |       |       |       |    10 ||    10
Ability: Begin Untransform |       |     1 |       |     2 ||     3
  Evoke: Wand              |       |       |    16 |    10 ||    26
    Use: Scroll            |       |     5 |     2 |     8 ||    15
         Potion            |       |     4 |     4 |     1 ||     9
   Stab: Sleeping          |       |     2 |       |       ||     2
 Armour: Animal skin       |    81 |    71 |   181 |    17 ||   350
         Skin              |       |    10 |    73 |       ||    83
         Troll leather arm |       |       |       |   142 ||   142
  Dodge: Dodged            |    52 |    50 |   102 |   117 ||   321
   Form: Beast             |       |     1 |       |     2 ||     3

Table legend: (Time is in decaauts)
 A = Elapsed time spent in this place.
 B = Non-inter-level travel time spent in this place.
 C = Inter-level travel time spent in this place.
 D = Time resting spent in this place.
 E = Time spent auto-exploring this place.
 F = Levels seen in this place.
 G = Mean time per level.
                   A        B        C        D        E       F      G
               +--------+--------+--------+--------+--------+-----+--------+
         Total |  10884 |  10060 |    824 |   1480 |   5912 |  11 |  989.5 |
       Dungeon |  10811 |  10003 |    808 |   1480 |   5912 |  10 | 1081.1 |
        Temple |     72 |     56 |     16 |      0 |      0 |   1 |   72.0 |
               +--------+--------+--------+--------+--------+-----+--------+

Top non-repeatable levels by time:
     D:9: 2161 daAuts
     D:8: 1443 daAuts
     D:7: 1381 daAuts
     D:4: 1039 daAuts
     D:5: 944 daAuts
     D:2: 916 daAuts
     D:3: 902 daAuts
     D:6: 770 daAuts
    D:10: 697 daAuts
     D:1: 554 daAuts
  Temple: 72 daAuts
